 Dungeon Crawl Stone Soup version 0.27-a0-887-gcab673c142 (webtiles) character file.

Game seed: 10472647849357036229

46 jestyr24 the Conjurer (level 3, 0/25 HPs)
             Began as a Human Conjurer on Apr 4, 2021.
             Slain by a hound (3 damage)
             ... on level 3 of the Dungeon.
             The game lasted 00:06:43 (1411 turns).

jestyr24 the Conjurer (Human Conjurer)              Turns: 1411, Time: 00:06:43

Health: 0/25       AC:  2    Str:  7    XL:     3   Next: 92%
Magic:  6/6        EV: 12    Int: 19    God:
Gold:   78         SH:  0    Dex: 11    Spells: 6/7 levels left

rFire    . . .     SeeInvis .   d - staff of death
rCold    . . .     Faith    .   (no shield)
rNeg     + . .     Spirit   .   a - +0 robe
rPois    .         Reflect  .   (no helmet)
rElec    .         Harm     .   (no cloak)
rCorr    .         Rampage  .   (no gloves)
Will     .....                  (no boots)
Stlth    ++........             l - amulet of magic regeneration
HPRegen  0.08/turn              (no ring)
MPRegen  0.35/turn              (no ring)

@: no status effects
A: no striking features
a: no special abilities


You were on level 3 of the Dungeon.
You visited 1 branch of the dungeon, and saw 3 of its levels.

You collected 78 gold pieces.

Inventory:

Hand Weapons
 b - a +0 short sword
Missiles
 c - 8 javelins
Armour
 a - a +0 robe (worn)
Magical Staves
 d - a staff of death (weapon)
Jewellery
 l - an amulet of magic regeneration (around neck)
Scrolls
 e - a scroll of blinking {unknown}
 g - a scroll of identify {unknown}
 j - a scroll of teleportation {unknown}
 m - a scroll of fear {unknown}
Potions
 f - 2 potions of curing {unknown}
 h - a potion of attraction {unknown}
 i - a potion of haste {unknown}
 k - a potion of degeneration {unknown}
 n - a potion of cancellation {unknown}
 o - a potion of mutation {unknown}


   Skills:
 * Level 0.6 Fighting
 + Level 2.1 Dodging
 + Level 2.0 Stealth
 * Level 2.6 Spellcasting
 + Level 4.6 Conjurations


You had 6 spell levels left.
You knew the following spells:

 Your Spells              Type           Power      Damage    Failure   Level
a - Magic Dart            Conj           80%        1d7       2%          1

Your spell library contained the following spells:

 Spells                   Type           Power      Damage    Failure   Level
 Searing Ray              Conj           40%        3d4       3%          2
 Animate Skeleton         Necr           6%         N/A       16%         1
 Apportation              Tloc           4%         N/A       16%         1
 Corona                   Hex            2%         N/A       16%         1
 Summon Small Mammal      Summ           8%         N/A       16%         1
 Dazzling Flash           Conj/Hex       22%        N/A       19%         3
 Fulminant Prism          Conj/Hex       5%         3d7       52%         4
 Iskenderun's Mystic Bla  Conj/Tloc      11%        2d4       52%         4


Dungeon Overview and Level Annotations

Branches:
Dungeon (2/15)

Altars:


Message History

The magic dart hits the giant cockroach.
You kill the giant cockroach!
You can't see any susceptible monsters within range! (Use Z to cast anyway.)
A hound comes into view.
The magic dart hits the hound.
The hound is moderately wounded.
The hound barks!
You hear an angry hiss.
You miscast Magic Dart.
You are very lightly contaminated with residual magic.
Nothing appears to happen.
The magic dart hits the hound but does no damage.
The hound is moderately wounded.
The hound bites you.
The magic dart hits the hound.
The hound is heavily wounded.
The hound bites you.
The magic dart hits the hound.
The hound is almost dead.
The hound misses you. x2
The magic dart hits the hound but does no damage.
The hound is severely wounded.
The hound completely misses you.
An adder comes into view.
You miscast Magic Dart.
Nothing appears to happen.
The hound bites you. x2
A kobold comes into view. It is wielding a +0 short sword.
The hound misses you. The hound barely misses you. The hound barely misses you.
Your magical contamination has completely faded away.
The hound bites you. The hound barely misses you. The hound closely misses you.
The hound bites you.
* * * LOW HITPOINT WARNING * * *
The adder barely misses you. The hound misses you. The hound bites you.
* * * LOW HITPOINT WARNING * * *
The hound bites you.
You die...

#.....##....# #.#
###.......## #.#
#####....####.#####
##......†.....#
##.......###.#
##.##..## #.###S##
. . #..##.h####....
##.....@....#
####......##
########........<#
.................#
###########......#
########


You could see a hound and an adder.

Vanquished Creatures
  An adder (D:3)
  A dart slug (D:1)
  5 endoplasms
  3 giant cockroaches
  6 hobgoblins
  A quokka (D:2)
  4 ball pythons (D:1)
  A bat (D:1)
  3 frilled lizards
  2 goblins (D:1)
  2 kobolds (D:1)
  3 rats (D:1)
32 creatures vanquished.

Notes
Turn   | Place    | Note
-------+----------+-------------------------------------------
     0 | D:1      | jestyr24 the Human Conjurer began the quest for the Orb.
     0 | D:1      | Reached XP level 1. HP: 13/13 MP: 3/3
   298 | D:1      | Reached XP level 2. HP: 19/19 MP: 1/5
   743 | D:1      | Reached XP level 3. HP: 25/25 MP: 3/6
  1259 | D:2      | You fall into a shaft and drop 1 floor!
  1411 | D:3      | Slain by a hound

Illustrated notes

Levels and vault maps discovered:
D:1:      dpeg_arrival_water_fire, layout_basic
D:2:      layout_loops_cross, serial_shops, nicolae_shop_waterfront,
          ebering_ecumenical_altar_hall, minmay_misc_feat_plants,
          roderic_roman_lattice, st_stairs_7
D:3:      layout_rooms, minmay_misc_feat_enclosed

Action                   || total
-------------------------++-------
Melee: Staff             ||     9
 Cast: Magic Dart        ||    65
Armor: Robe              ||     1
Dodge: Dodged            ||    16

Table legend: (Time is in decaauts)
 A = Elapsed time spent in this place.
 B = Non-inter-level travel time spent in this place.
 C = Inter-level travel time spent in this place.
 D = Time resting spent in this place.
 E = Time spent auto-exploring this place.
 F = Levels seen in this place.
 G = Mean time per level.
                   A        B        C        D        E       F      G
               +--------+--------+--------+--------+--------+-----+--------+
         Total |   1416 |   1416 |      0 |    241 |    904 |   3 |  472.0 |
       Dungeon |   1416 |   1416 |      0 |    241 |    904 |   3 |  472.0 |
               +--------+--------+--------+--------+--------+-----+--------+

Top non-repeatable levels by time:
     D:1: 1143 daAuts
     D:3: 151 daAuts
     D:2: 121 daAuts
